 Dungeon Crawl Stone Soup version 0.31-a0-214-gb37851dbb3 (webtiles) character file.

Game seed: 12387934243172324392

758 qw the Shooter (level 7, -5/44 HPs)
             Began as a Gargoyle Hexslinger on July 1, 2023.
             Slain by an orc warrior
             ... wielding a +0 glaive
              (10 damage)
             ... on level 6 of the Dungeon.
             The game lasted 00:01:25 (4108 turns).

qw the Shooter (Gargoyle Hexslinger)                Turns: 4108, Time: 00:01:26

Health: -5/44      AC: 10    Str: 11    XL:     7   Next: 80%
Magic:  0/8        EV: 10    Int: 14    God:
Gold:   148        SH:  0    Dex: 14    Spells: 7/8 levels left

rFire   . . .        c - +0 orcbow
rCold   . . .        (shield currently unavailable)
rNeg    + . .        l - +0 ring mail
rPois   inf          (no helmet)
rElec   +            (no cloak)
rCorr   .            (no gloves)
SInv    .            (no boots)
Will    .....        h - amulet of guardian spirit
Stlth   +            (no ring)
HPRegen 0.27/turn    (no ring)
MPRegen 0.11/turn

%: guardian spirit
@: about to teleport
A: sickness immunity, AC +4, negative energy resistance 1, electricity
resistance, torment resistance 1, petrification resistance
a: no special abilities


You were on level 6 of the Dungeon.
You visited 1 branch of the dungeon, and saw 6 of its levels.

You collected 187 gold pieces.
You spent 39 gold pieces at shops.


Innate Abilities, Weirdness & Mutations

You are immune to sickness and miasma.
Your stone body is resilient. (AC +4)
You are immune to poison.
You resist negative energy. (rN+)
You are resistant to electric shocks. (rElec)
You are resistant to unholy torment.
You are immune to petrification.


   Skills:
 - Level 4.5 Fighting
 + Level 7.0 Ranged Weapons
 - Level 2.6 Armour
 - Level 1.5 Dodging
 - Level 1.0 Spellcasting
 - Level 2.6 Hexes


You had 7 spell levels left.
You knew the following spells:

 Your Spells              Type           Power      Damage    Failure   Level
a - Slow                  Hex            32%        N/A       21%         1

Your spell library contained the following spells:

 Spells                   Type           Power      Damage    Failure   Level
 Inner Flame              Hex/Fire       4%         N/A       71%         3
 Portal Projectile        Hex/Tloc       8%         N/A       71%         3
 Cause Fear               Hex            4%         N/A       89%         4

Inventory:

Hand Weapons
 c - a +0 orcbow (weapon)
Armour
 l - a +0 ring mail (worn)
Jewellery
 g - a ring of fire
 h - an amulet of guardian spirit (around neck)
Scrolls
 a - a scroll of identify
Potions
 d - a potion of curing
 e - a potion of mutation {unknown}
 k - a potion of berserk rage {unknown}

Dungeon Overview and Level Annotations

Branches:
Dungeon (6/15)
 Temple: D:4-7

Altars:
Fedhas
Qazlal

Shops:
D:3 :   D:5 (*

Annotations:
D:3 1 runed translucent door, Crazy Yiuf
D:4 2 runed translucent doors, qw's ghost, amateur MiHs


Message History

The iguana bites you.
You shoot an arrow. The arrow barely misses the iguana.
The iguana barely misses you.
You shoot an arrow. The arrow hits the iguana.
The iguana is almost dead.
The iguana bites you but does no damage.
An orc comes into view. It is wielding a +0 dagger.
The iguana bites you!
You shoot an arrow. The arrow barely misses the iguana.
The orc shouts!
The iguana barely misses you.
You shoot an arrow. The arrow hits the iguana.
You kill the iguana!
You hear a distant slurping noise.
A black bear comes into view.
Your Ranged Weapons skill increases to level 7!
You shoot an arrow. The black bear growls angrily.
The arrow hits the orc.
The orc is almost dead.
The orc hits you with a +1 dagger of holy wrath.
The orc warrior barely misses you.
An orc comes into view. It is wielding a +0 hand axe.
The orc hits you with a +1 dagger of holy wrath.
The orc warrior hits you from afar with a +0 glaive!
An orc comes into view. It is wielding a +0 flail.
You shoot an arrow. The orc shouts!
The arrow hits the orc!
You kill the orc!
The orc warrior hits you from afar with a +0 glaive!
You shoot an arrow. The arrow hits the orc warrior.
The orc warrior is lightly wounded.
The orc warrior hits you from afar with a +0 glaive!
4108 ||| READING scroll of teleportation.
As you read the scroll of teleportation, it crumbles to dust.
You feel strangely unstable. The orc hits you but does no damage.
The orc warrior hits you from afar with a +0 glaive!
You die...

.. #.... ..
.###...# ... .
......##.... ..
......#... ...
.......# ....
.....# .....
#....####
......#<.......
#......@......#
.......)o....##
##......o......
#........h....
#(....o.......
...........o...
.$.............
...............


You could see an orc warrior, a black bear and 3 orcs.

Vanquished Creatures
  An orc warrior (D:4)
  2 ice beasts (D:5)
  An ogre (D:5)
  2 scorpions
  2 jellies
  A hound (D:5)
  An iguana (D:6)
  7 adders
  4 gnolls (D:3)
  A worm (D:2)
  2 dart slugs
  5 orcs
  5 ball pythons
  5 bats
  8 endoplasms
  A giant cockroach (D:4)
  4 goblins (D:4)
  11 hobgoblins
  4 jackals (D:3)
  2 quokkas
  A frilled lizard (D:2)
  5 kobolds
  5 rats
80 creatures vanquished.

Notes
Turn   | Place    | Note
-------+----------+-------------------------------------------
     0 | D:1      | qw the Gargoyle Hexslinger began the quest for the Orb.
     0 | D:1      | Reached XP level 1. HP: 12/12 MP: 2/2
     0 | D:1      | 0 ||| qw: Version: 0.3-a-32-g5962c71
     0 | D:1      | 0 ||| qw: Game counter: 7374
     0 | D:1      | 0 ||| qw: Melee chars always use a shield: true
     0 | D:1      | 0 ||| qw: God list: Okawaru
     0 | D:1      | 0 ||| qw: Allow faded altars: false
     0 | D:1      | 0 ||| qw: Do Orc after clearing Dungeon:15 true
     0 | D:1      | 0 ||| qw: Do second Lair branch before Depths: true
     0 | D:1      | 0 ||| qw: Lair rune preference: random
     0 | D:1      | 0 ||| qw: Goals: Normal
     0 | D:1      | 0 ||| PLANNING D:1-11
   164 | D:1      | Reached XP level 2. HP: 15/16 MP: 3/3
   178 | D:1      | Found a faded altar of an unknown god.
   389 | D:1      | Reached skill level 3 in Ranged Weapons
   654 | D:1      | 654 ||| UPGRADING to +0 ring mail.
   664 | D:1      | 664 ||| DROPPING +0 robe.
   665 | D:1      | 665 ||| READING scroll labelled BUH UPLAKUIK.
   666 | D:1      | 666 ||| READING scroll labelled JULYURAMEG.
   767 | D:1      | 767 ||| READING scroll labelled WUPTETW KUKA.
   768 | D:1      | 768 ||| READING scroll labelled HONOAREOBB.
   769 | D:1      | 769 ||| READING scroll labelled ZIEBRE VIDU.
   773 | D:1      | 773 ||| DROPPING scroll of poison.
  1005 | D:2      | Reached XP level 3. HP: 15/21 MP: 4/4
  1655 | D:2      | 1655 ||| UPGRADING to amulet of guardian spirit.
  1660 | D:2      | 1660 ||| READING scroll labelled PILUPHO HUCEEDD.
  1661 | D:2      | 1661 ||| READING 2 scrolls labelled VUNEGI TUXZI.
  1662 | D:2      | 1662 ||| READING scroll labelled SIARPH PERET.
  1663 | D:2      | 1663 ||| DROPPING scroll of revelation.
  1720 | D:3      | Found Wubom's Book Shop.
  1748 | D:3      | Reached XP level 4. HP: 26/26 MP: 5/5
  1839 | D:3      | Found a runed translucent door.
  1840 | D:3      | Noticed Crazy Yiuf
  1947 | D:3      | Reached skill level 4 in Ranged Weapons
  1985 | D:3      | Noticed a scorpion
  1997 | D:3      | Killed a scorpion
  1998 | D:3      | Reached XP level 5. HP: 26/30 MP: 4/6
  2515 | D:3      | 2515 ||| READING scroll labelled NEW DUNUSESET.
  2558 | D:4      | Found a large runed translucent door.
  2558 | D:4      | Found a large runed translucent door.
  2563 | D:4      | Noticed qw's ghost (amateur MiHs)
  2648 | D:4      | Found a blossoming altar of Fedhas.
  2759 | D:4      | Reached skill level 5 in Ranged Weapons
  2809 | D:4      | Identified the +1 shortbow "Litim" {heavy, rN+ Int-2 SInv}
  2811 | D:4      | 2811 ||| SWAPPING to +1 shortbow "Litim" {heavy, rN+ Int-2
                  | SInv}.
  2812 | D:4      | 2812 ||| DROPPING +1 sling.
  2870 | D:4      | Reached XP level 6. HP: 35/35 MP: 7/7
  2925 | D:4      | Noticed an orc warrior
  2930 | D:4      | Killed an orc warrior
  2931 | D:4      | Reached skill level 3 in Fighting
  3435 | D:4      | 3435 ||| DRINKING 2 smoky amethyst potions.
  3436 | D:4      | 3436 ||| READING 3 scrolls of identify.
  3436 | D:4      | 3436 ||| IDENTIFYING grey potion
  3437 | D:4      | 3437 ||| READING 2 scrolls of identify.
  3437 | D:4      | 3437 ||| IDENTIFYING murky amethyst potion
  3438 | D:4      | 3438 ||| DROPPING potion of magic.
  3439 | D:4      | 3439 ||| DROPPING potion of invisibility.
  3452 | D:5      | Entered Level 5 of the Dungeon
  3452 | D:5      | Noticed an ice beast
  3459 | D:5      | Killed an ice beast
  3460 | D:5      | Reached skill level 6 in Ranged Weapons
  3460 | D:5      | Reached XP level 7. HP: 41/41 MP: 8/8
  3562 | D:5      | Found Laist's Weapon Shop.
  3563 | D:5      | Found Sutuvar's General Store.
  3646 | D:5      | 3646 ||| SHOPLISTING +6 ring of dexterity (468 gold, have
                  | 165).
  3646 | D:5      | 3646 ||| SHOPLISTING ring of ice (325 gold, have 165).
  3646 | D:5      | 3646 ||| BUYING scroll of teleportation (39 gold).
  3646 | D:5      | Bought a scroll of teleportation for 39 gold pieces
  3889 | D:5      | Found a stormy altar of Qazlal.
  3890 | D:5      | 3890 ||| SWAPPING to +0 orcbow.
  3891 | D:5      | 3891 ||| DROPPING +1 shortbow "Litim" {heavy, rN+ Int-2
                  | SInv}.
  3895 | D:5      | Noticed an air elemental
  3895 | D:5      | Noticed a fire elemental
  3895 | D:5      | Noticed a water elemental
  4105 | D:6      | Reached skill level 7 in Ranged Weapons
  4107 | D:6      | HP: 5/44 [orc warrior/+0 glaive (7)]
  4108 | D:6      | 4108 ||| READING scroll of teleportation.
  4108 | D:6      | Slain by an orc warrior

Levels and vault maps discovered:
D:1:      lightli_arrival_flooded_house, layout_loops_ring,
          basic_ecumenical_altar
D:2:      layout_loops_corners
D:3:      layout_loops_ring, serial_shops, nicolae_shop_crystal,
          uniq_crazy_yiuf_cottage
D:4:      layout_basic, mainiacjoe_overflow_catwalk,
          ebering_ghost_disaster_area, nicolae_nh_ransacked_shop
D:5:      layout_loops_ring, nicolae_qazlal_style_of_elements,
          nicolae_wooded_promenade
D:6:      layout_cave_pools, kennysheep_generic_room_5

Skill      XL: |  1  2  3  4  5  6  7 |
---------------+----------------------+-----
Ranged Weapons | 3 4 5 6 7 |  7.0
Fighting       | 2 3 4 |  4.5
Armour         | 2 |  2.6
Dodging        | |  1.5
Spellcasting   | |  1.0
Hexes          | |  2.6

Action                     |  1- 3 |  4- 6 |  7- 9 || total
---------------------------+-------+-------+-------++-------
   Fire: Sling             |   120 |   137 |       ||   257
         Shortbow          |       |    35 |    21 ||    56
         Orcbow            |       |       |    12 ||    12
    Use: Scroll            |     8 |     3 |     1 ||    12
         Potion            |       |     1 |       ||     1
 Armour: Robe              |     3 |       |       ||     3
         Ring mail         |    22 |    61 |     8 ||    91
  Dodge: Dodged            |    25 |    69 |     8 ||   102

Table legend:
 A = Non-vault XP
 B = Vault XP
 C = Vault XP percentage of total XP
 D = Non-vault monster count
 E = Vault monster count
 F = Vault count percentage of total count
                 A         B        C        D         E       F
            +---------+---------+-------+---------+---------+-------
      Total |     953 |     131 |  12.1 |      77 |       3 |   3.8
            +---------+---------+-------+---------+---------+-------
        D:1 |      23 |       0 |   0.0 |      14 |       0 |   0.0
        D:2 |      54 |       0 |   0.0 |      16 |       0 |   0.0
        D:3 |     191 |       0 |   0.0 |      19 |       0 |   0.0
        D:4 |     190 |     131 |  40.8 |      20 |       3 |  13.0
        D:5 |     457 |       0 |   0.0 |       6 |       0 |   0.0
        D:6 |      38 |       0 |   0.0 |       2 |       0 |   0.0
            +---------+---------+-------+---------+---------+-------
